Map: Terraform LE (Void)

Players

Toons - Winner!

  • Race: Protoss Protoss
  • League: Silver

TMarchev

  • Race: Protoss Protoss
  • League: Bronze

VOD

Have the link to the VOD?

Description

Time

  • Played on: Aug. 1, 2015, 6:09 a.m.
  • Length: 22:01
Show
View Real Time Build Order
Export as new Build Order

Toons Protoss - Winner!

Build Orders: Double Forge 

Get SALT Encoding   

  12  0:01  Probe  
  13  0:13  Probe  
  14  0:20  Pylon  
  14  0:26  Assimilator  
  14  0:38  Probe (Chrono Boost)  
  15  0:44  Gateway  
  15  0:48  Probe (Chrono Boost)  
  16  0:55  Probe (Chrono Boost)  
  17  1:03  Pylon  
  17  1:07  Probe (Chrono Boost)  
  18  1:16  Probe (Chrono Boost)  
  19  1:19  Assimilator  
  19  1:27  Probe  
  19  1:31  Cybernetics Core  
  20  1:37  Zealot  
  20  1:39  Probe  
  23  1:51  Probe  
  23  1:53  Gateway  
  24  2:03  Probe  
  25  2:12  Adept  
  25  2:13  Warp Gate (Chrono Boost)  
  27  2:16  Mothership Core  
  29  2:23  Pylon  
  29  2:46  Probe, Pylon  
  29  2:49  Stalker, Adept  
  34  3:00  Probe  
  35  3:31  Pylon  
  35  3:35  Robotics Facility  
  35  3:38  Nexus  
  35  3:50  Probe  
  36  3:56  Stalker x2  
  40  4:29  Probe  
  40  4:31  Observer  
  42  4:38  Pylon  
  40  4:41  Probe  
  40  4:45  Forge x2  
  40  5:00  Probe x2  
  40  5:04  Pylon  
  40  5:06  Stalker x2  
  43  5:11  Observer  
  43  5:14  Pylon  
  44  5:20  Gateway  
  44  5:29  Protoss Ground Weapons Level 1 (Chrono Boost)  
  44  5:30  Protoss Shields Level 1 (Chrono Boost)  
  44  5:41  Immortal  
  48  5:44  Probe  
  48  5:45  Probe  
  48  5:48  Assimilator  
  50  5:51  Assimilator  
  50  5:52  Photon Cannon  
  50  5:59  Photon Cannon  
  50  6:16  Twilight Council  
  50  6:17  Probe x2  
  52  6:28  Adept x3  
  58  6:37  Probe x2  
  60  6:49  Probe x2  
  60  6:52  Pylon  
  62  6:56  Sentry x3  
  62  6:57  Pylon  
  68  7:06  Protoss Ground Weapons Level 2 (Chrono Boost)  
  68  7:07  Protoss Ground Armor Level 1 (Chrono Boost)  
  67  7:15  Probe x2  
  69  7:28  Gateway  
  69  7:32  Gateway  
  69  7:36  Gateway x2  
  69  7:41  Probe x2  
  71  7:52  Immortal (Chrono Boost)  
  75  8:00  Pylon  
  75  8:14  Pylon  
  75  8:29  Adept  
  75  8:30  Adept x2  
  75  8:32  Adept x2  
  75  8:33  Adept x2  
  89  8:47  Protoss Ground Armor Level 2 (Chrono Boost)  
  83  9:19  Adept x5  
  83  9:20  Adept x2  
  93  9:41  Stalker x5  
  93  9:42  Stalker x2  
  87  10:12  Nexus  
  75  10:32  Pylon  
  75  10:40  Zealot x5  
  75  10:41  Protoss Shields Level 2 (Chrono Boost), Zealot  
  85  10:50  Probe x2  
  85  10:55  Protoss Ground Weapons Level 3 (Chrono Boost)  
  87  11:16  Pylon  
  87  11:22  Photon Cannon  
  87  11:25  Photon Cannon  
  87  11:26  Probe, Blink  
  87  11:27  Probe  
  87  11:32  Assimilator  
  89  11:35  Assimilator  
  89  11:41  Dark Shrine  
  89  11:42  Pylon  
  89  11:54  Sentry x6  
  101  12:09  Probe x2  
  101  12:13  Pylon  
  103  12:32  Nexus  
  99  12:45  Pylon  
  99  12:46  Probe x2  
  99  12:47  Probe  
  102  12:53  Protoss Ground Armor Level 3 (Chrono Boost)  
  102  12:56  Dark Templar  
  102  12:58  Sentry  
  106  13:12  Pylon  
  106  13:17  Photon Cannon  
  106  13:20  Photon Cannon  
  106  13:25  Dark Templar x5  
  116  13:32  Archon x2  
  116  13:52  Assimilator  
  116  13:53  Probe x2  
  118  13:56  Assimilator  
  118  14:05  Probe  
  118  14:08  Nexus  
  119  14:12  Pylon, Charge  
  120  14:17  Probe  
  120  14:26  Dark Templar x5  
  120  14:29  Probe  
  131  14:41  Probe  
  132  14:46  Photon Cannon  
  132  14:49  Photon Cannon  
  132  14:53  Probe, Pylon  
  132  14:58  Probe, Pylon  
  134  15:02  Immortal  
  138  15:08  Robotics Bay  
  138  15:13  Robotics Facility  
  138  15:23  Gateway x2  
  138  15:25  Gateway  
  138  15:29  Gateway  
  138  15:30  Gateway  
  138  15:34  Gateway  
  138  15:41  Archon  
  138  15:43  Archon  
  138  16:06  Stargate  
  138  16:09  Photon Cannon  
  138  16:14  Photon Cannon  
  138  16:18  Photon Cannon  
  138  16:30  Photon Cannon  
  138  16:31  Photon Cannon  
  138  16:34  Photon Cannon  
  138  16:35  Photon Cannon  
  138  16:37  Photon Cannon  
  138  16:38  Photon Cannon  
  138  16:39  Photon Cannon  
  138  16:40  Photon Cannon  
  138  16:41  Photon Cannon  
  138  16:42  Photon Cannon  
  138  16:43  Photon Cannon x2  
  138  16:45  Photon Cannon  
  144  16:47  Pylon  
  144  16:49  Disruptor x2  
  144  16:50  Pylon  
  144  16:52  Assimilator  
  144  16:56  Assimilator  
  144  16:57  Fleet Beacon  
  144  17:05  Protoss Shields Level 3 (Chrono Boost)  
  144  17:16  Dark Templar  
  144  17:17  Dark Templar x4  
  144  17:18  Dark Templar x4  
  144  17:20  Dark Templar  
  164  17:23  Archon  
  164  17:24  Archon x4  
  164  17:39  Probe x4  
  168  17:51  Pylon  
  174  18:14  Dark Templar x2  
  174  18:15  Dark Templar x4  
  174  18:19  Pylon  
  186  18:20  Archon  
  186  18:21  Archon x2  
  185  18:38  Photon Cannon  
  185  18:40  Photon Cannon  
  185  18:46  Photon Cannon  
  185  18:56  Dark Templar  
  187  19:17  Zealot x6  
  199  19:49  Nexus  
  199  19:52  Pylon  
  199  19:56  Pylon  
  199  19:58  Pylon  
  199  19:59  Archon  
  199  20:03  Pylon  
  199  20:06  Assimilator  
  199  20:10  Assimilator  
  170  20:44  Stalker x2  
  170  20:45  Stalker x5  
  170  20:46  Stalker x5  
  166  21:33  Stalker x5  
  166  21:34  Stalker x7  
Show
View Real Time Build Order
Export as new Build Order

TMarchev Protoss 

Build Orders:  

Get SALT Encoding   

  12  0:01  Probe  
  13  0:19  Pylon  
  14  0:21  Probe  
  14  0:37  Probe (Chrono Boost)  
  15  0:47  Probe (Chrono Boost)  
  16  0:54  Probe  
  17  1:06  Probe (Chrono Boost)  
  18  1:13  Nexus  
  18  1:16  Probe (Chrono Boost)  
  19  1:22  Pylon  
  19  1:23  Probe  
  20  1:35  Probe  
  21  1:40  Assimilator  
  21  1:45  Gateway  
  21  1:47  Probe  
  22  1:56  Assimilator  
  22  1:59  Probe (Chrono Boost)  
  24  2:09  Probe (Chrono Boost)  
  24  2:15  Gateway  
  24  2:16  Probe  
  24  2:18  Assimilator  
  25  2:25  Probe  
  26  2:37  Probe  
  27  2:46  Gateway  
  28  2:51  Probe (Chrono Boost)  
  28  2:52  Forge  
  28  3:02  Zealot  
  28  3:03  Zealot  
  33  3:07  Probe (Chrono Boost)  
  33  3:08  Cybernetics Core  
  33  3:13  Probe (Chrono Boost)  
  34  3:20  Pylon  
  34  3:25  Probe (Chrono Boost)  
  35  3:31  Probe (Chrono Boost)  
  36  3:43  Probe (Chrono Boost)  
  36  3:48  Nexus  
  37  3:49  Stalker  
  37  3:51  Stalker  
  42  3:58  Protoss Shields Level 1 (Chrono Boost)  
  42  4:01  Probe (Chrono Boost)  
  42  4:03  Stalker  
  42  4:08  Probe (Chrono Boost)  
  37  4:39  Photon Cannon  
  37  4:41  Photon Cannon  
  37  4:46  Stalker  
  37  4:50  Stalker  
  37  4:52  Stalker  
  37  5:12  Pylon  
  38  5:16  Stalker  
  38  5:17  Probe (Chrono Boost)  
  38  5:19  Probe (Chrono Boost)  
  41  5:21  Stalker  
  41  5:22  Stalker  
  41  5:27  Probe (Chrono Boost)  
  41  5:28  Probe (Chrono Boost)  
  49  5:36  Probe (Chrono Boost), Photon Cannon  
  49  5:37  Probe (Chrono Boost)  
  49  5:40  Probe (Chrono Boost)  
  49  5:42  Assimilator  
  50  5:46  Stalker  
  50  5:47  Probe (Chrono Boost)  
  50  5:48  Probe (Chrono Boost)  
  56  5:50  Mothership Core (Chrono Boost), Protoss Ground Weapons Level 1  
  56  5:51  Stalker  
  56  5:52  Stalker  
  56  5:54  Probe  
  61  5:57  Pylon  
  61  6:02  Pylon  
  61  6:05  Pylon  
  61  6:16  Stalker  
  63  6:19  Pylon  
  63  6:21  Stalker  
  63  6:22  Stalker  
  63  6:23  Probe (Chrono Boost)  
  68  6:32  Assimilator  
  69  6:33  Probe (Chrono Boost)  
  69  6:40  Probe, Photon Cannon  
  69  6:46  Stalker  
  72  6:50  Photon Cannon  
  72  6:52  Probe  
  73  6:58  Twilight Council  
  73  7:02  Stalker x2  
  73  7:08  Probe (Chrono Boost)  
  78  7:13  Stargate  
  78  7:16  Stalker  
  78  7:18  Probe (Chrono Boost)  
  78  7:21  Stargate  
  81  7:25  Probe (Chrono Boost)  
  82  7:36  Probe x2 (Chrono Boost)  
  84  7:38  Stalker  
  84  7:39  Stalker  
  90  7:44  Probe (Chrono Boost)  
  90  7:46  Stalker, Probe (Chrono Boost)  
  90  7:51  Probe (Chrono Boost)  
  93  8:02  Probe (Chrono Boost)  
  93  8:04  Blink  
  94  8:08  Stalker x2, Probe  
  99  8:14  Phoenix (Chrono Boost)  
  99  8:15  Phoenix (Chrono Boost)  
  99  8:16  Stalker  
  105  8:29  Pylon  
  105  8:32  Pylon  
  105  8:37  Pylon  
  105  8:42  Pylon  
  105  8:44  Photon Cannon  
  105  8:47  Stalker, Phoenix, Photon Cannon  
  109  8:50  Photon Cannon  
  109  8:54  Pylon  
  106  9:19  Void Ray x2  
  54  10:23  Zealot x2  
  52  10:43  Photon Cannon  
  52  10:45  Stargate  
  52  10:48  Stargate  
  52  10:53  Assimilator  
  48  11:00  Photon Cannon  
  48  11:01  Photon Cannon  
  48  11:03  Photon Cannon  
  48  11:13  Photon Cannon  
  48  11:23  Pylon  
  48  11:34  Void Ray  
  48  11:35  Void Ray  
  56  11:45  Stargate  
  56  11:47  Stargate  
  56  11:54  Photon Cannon  
  56  12:00  Photon Cannon  
  56  12:07  Pylon  
  56  12:11  Pylon  
  56  12:14  Pylon  
  56  12:20  Void Ray  
  56  12:21  Void Ray  
  64  12:24  Protoss Air Weapons Level 1 (Chrono Boost)  
  64  12:27  Protoss Shields Level 2 (Chrono Boost)  
  60  12:41  Mothership Core (Chrono Boost)  
  60  12:44  Void Ray x2  
  70  12:55  Probe (Chrono Boost)  
  71  13:03  Probe (Chrono Boost)  
  72  13:10  Probe (Chrono Boost)  
  73  13:20  Probe (Chrono Boost)  
  73  13:26  Void Ray x2  
  83  13:38  Probe (Chrono Boost)  
  83  13:51  Nexus  
  83  14:20  Pylon  
  83  14:29  Pylon  
  83  14:34  Void Ray x2  
  91  14:47  Photon Cannon  
  91  14:55  Photon Cannon  
  91  15:03  Probe  
  92  15:15  Probe  
  92  15:18  Phoenix  
  96  15:31  Probe (Chrono Boost)  
  96  15:40  Probe (Chrono Boost)  
  97  15:44  Void Ray  
  97  15:47  Probe (Chrono Boost)  
  97  15:49  Protoss Air Armor Level 1 (Chrono Boost)  
  102  15:56  Probe  
  103  16:04  Protoss Shields Level 3 (Chrono Boost)  
  103  16:19  Fleet Beacon  
  103  16:21  Probe (Chrono Boost)  
  104  16:28  Probe (Chrono Boost)  
  105  16:36  Probe (Chrono Boost)  
  106  16:44  Void Ray  
  111  16:49  Probe (Chrono Boost)  
  111  16:51  Void Ray  
  115  17:01  Void Ray  
  119  17:07  Probe (Chrono Boost)  
  121  17:17  Probe (Chrono Boost)  
  121  17:20  Pylon  
  121  17:24  Probe (Chrono Boost)  
  121  17:27  Pylon  
  122  17:33  Probe (Chrono Boost)  
  122  17:35  Void Ray  
  127  17:37  Void Ray  
  127  17:41  Probe  
  127  17:42  Pylon  
  132  17:46  Pylon  
  132  17:55  Void Ray  
  136  18:02  Void Ray  
  140  18:22  Nexus  
  140  18:31  Pylon  
  140  18:43  Void Ray  
  140  18:44  Void Ray  
  140  18:46  Void Ray  
  151  18:55  Probe (Chrono Boost)  
  152  19:05  Void Ray  
  156  19:26  Void Ray x2  
  164  19:36  Protoss Air Weapons Level 2 (Chrono Boost)  
  164  19:41  Assimilator  
  164  19:45  Assimilator  
  30  21:33  Mothership Core (Chrono Boost)  
  30  21:36  Stargate x2  
  30  21:39  Stargate  
  27  21:42  Stargate  
Tags
 
Add a new tag
Caveats
  • Supply blocks, unpowered buildings, or Contaminate may cause inaccurate times.
  • Supply counts are checked every 10 seconds.